 Dungeon Sprint DCSS version 0.20-a0-1124-g2e29d97 (webtiles) character file.

54 Deathtrap2010 the Chopper (level 5, -3/46 HPs)
             Began as a Demonspawn Fighter on May 16, 2017.
             Was an Initiate of Jiyva.
             Slain by a wight
             ... wielding a +4 halberd
              (4 damage)
             ... in the Dungeon (Sprint VI: "Thunderdome").
             The game lasted 00:03:31 (384 turns).

Deathtrap2010 the Chopper (Demonspawn Fighter)       Turns: 384, Time: 00:03:33

Health: -3/46      AC:  7    Str: 21    XL:     5   Next: 91%
Magic:  5/5        EV:  9    Int: 10    God:    Jiyva [......]
Gold:   35         SH: 10    Dex: 14    Spells: 4/4 levels left

rFire    . . .     SeeInvis .   a - +0 war axe (drain)
rCold    . . .     Gourm    .   c - +0 shield
rNeg     + . .     Faith    .   b - +0 scale mail
rPois    .         Spirit   .   (no helmet)
rElec    .         Reflect  .   (no cloak)
rCorr    .         Harm     .   (no gloves)
MR       .....     NoTele   +   (no boots)
Stlth    ..........             p - amulet "Rugaj" {Inacc rN+ Str+4 Dex+2}
Regen    0.2/turn               (no ring)
MPRegen  0.1/turn               (no ring)

@: slowed, drained, very slow
A: hooves 1, powered by death 2
a: Renounce Religion


You were in the Dungeon.
You worshipped Jiyva.
Jiyva was noncommittal.
You were not hungry.

You visited 1 branch You collected 280 gold pieces.
You spent 245 gold pieces at shops.

Inventory:

Hand Weapons
 a - a +0 war axe of draining (weapon)
Armour
 b - a +0 scale mail (worn)
 c - a +0 shield (worn)
Jewellery
 p - the amulet "Rugaj" (around neck) {Inacc rN+ Str+4 Dex+2}
   (You bought it in a shop in the Dungeon)

   [amulet of inaccuracy]

   It reduces the accuracy of all your attacks.
   It affects your strength (+4).
   It affects your dexterity (+2).
   It protects you from negative energy.
Wands
 m - a wand of acid (5/15)
 n - a wand of iceblast (5/15)
Scrolls
 k - 4 scrolls of blinking
 o - 3 scrolls of fog
Potions
 e - a potion of curing
 g - 2 potions of heal wounds
 h - 4 potions of haste
 i - 2 potions of magic
 l - a potion of resistance
Comestibles
 f - a bread ration


   Skills:
 * Level 5.9(5.4) Fighting
 * Level 6.9(6.3) Axes
 * Level 5.6(5.1) Armour
 * Level 2.7(2.2) Dodging
 * Level 5.5(5.0) Shields


You had 4 spell levels left.
You didn't know any spells.

Dungeon Overview and Level Annotations

Branches:
Dungeon (1/1)

Altars:
Cheibriados
Dithmenos
Fedhas
Gozag
Kikubaaqudgha
Makhleb
Okawaru
Qazlal
Ru
Sif Muna
Trog
Uskayaw
Vehumet
Wu Jian
Xom
Yredelemnul
Zin
The Shining One
Beogh
Jiyva
Lugonu

Shops:
D *[%??*?*:[((!!!!


Innate Abilities, Weirdness & Mutations

You have large cloven feet.
You regenerate health from kills.


Message History

A wight comes into view. It is wielding an enchanted halberd.
The phantom barely misses you.
You closely miss the phantom. Your kick misses the phantom.
You block the phantom's attack. The phantom hits you.
The phantom blinks!
The phantom blinks!
The wight hits you from afar with an enchanted halberd!
You partially resist.
You feel drained.
The phantom blinks!
You block the wight's attack.
You barely miss the wight. Your kick misses the wight.
The wight hits you with an enchanted halberd!
You partially resist.
You feel drained.
* * * LOW HITPOINT WARNING * * *
You barely miss the wight. Your kick misses the wight.
You feel a little less mighty now.
The wight hits you with an enchanted halberd!
* * * LOW HITPOINT WARNING * * *
You partially resist.
You feel drained.
* * * LOW HITPOINT WARNING * * *
The wight hits you with an enchanted halberd.
You die...

#.....# ##.....## ##∩.....∩##
#∩.......∩# #........_#
#_........# #_..W...._#
###.........### #⌠......@....⌠#
######.8......z..8÷######
##∩__.......###......___∩##
###∩........8.# #.8........∩###
#...).........###.............##
⌠..........###...###..........⌠#
⌠..........# #.<.# #..........⌠#
⌠..........###...###..........⌠#
#........†....###.............##


You could see a phantom and a wight.

Vanquished Creatures
  A necrophage (D)
  A phantom (D)
  A wight (D)
  Jessica (D)
  2 worms (D)
  A leopard gecko (D)
  5 giant cockroaches (D)
  A goblin (D)
  A bat (D)
14 creatures vanquished.

Notes
Turn   | Place    | Note
-------+----------+-------------------------------------------
     0 | D        | Deathtrap2010 the Demonspawn Fighter began the quest for the Orb.
     0 | D        | Reached XP level 1. HP: 18/18 MP: 1/1
     4 | D        | Found a shadowy altar of Dithmenos.
     5 | D        | Found a deep blue altar of Sif Muna.
     5 | D        | Found a glowing silver altar of Zin.
     5 | D        | Round 1.
     6 | D        | Found a burning altar of Makhleb.
     6 | D        | Found a snail-covered altar of Cheibriados.
     7 | D        | Found Kelior's Bee Food.
     7 | D        | Found an opulent altar of Gozag.
     7 | D        | Found a basalt altar of Yredelemnul.
     7 | D        | Found Zoarick's Identification Station.
     8 | D        | Found Reakukhliown's Jewellery.
     8 | D        | Found Cyluozeh's Advanced Armour.
    16 | D        | Found Botukyops's Magic Scroll Shop.
    18 | D        | Found Esefuqe's Magic Scroll Shop.
    18 | D        | Found Berch's Must-Have Magic.
    22 | D        | Found a glowing golden altar of the Shining One.
    22 | D        | Found a roughly hewn altar of Beogh.
    22 | D        | Found Rusaeck's Staff Store.
    29 | D        | Found an ancient bone altar of Kikubaaqudgha.
    35 | D        | Found an ornate altar of the Wu Jian Council.
    38 | D        | Found a corrupted altar of Lugonu.
    38 | D        | Found Utza's Distillery.
    38 | D        | Found Eseiss's Distillery.
    39 | D        | Found Oquclosm's Bottled Wisdom.
    41 | D        | Found a shimmering altar of Xom.
    41 | D        | Found a blossoming altar of Fedhas.
    41 | D        | Found an iron altar of Okawaru.
    41 | D        | Found Qeyqeg's Do-It-Yourself Clinic.
    48 | D        | Found a hide-covered altar of Uskayaw.
    55 | D        | Found a sacrificial altar of Ru.
    58 | D        | Found a radiant altar of Vehumet.
    58 | D        | Found Roram's Weapon Rack.
    58 | D        | Found Rakualif's Basic Armour.
    59 | D        | Found Vanemnovua's Miscellaneous Merchandise.
    61 | D        | Found a stormy altar of Qazlal.
    61 | D        | Found a bloodstained altar of Trog.
    61 | D        | Found a viscous altar of Jiyva.
    61 | D        | Found Afeech's Premium Goods.
    74 | D        | Became a worshipper of Jiyva Jecaparg the Shapeless
   106 | D        | Noticed Jessica
   114 | D        | Killed Jessica
   114 | D        | Reached skill level 2 in Axes
   114 | D        | Gained mutation: You regenerate a little health from kills. [demonic ancestry]
   114 | D        | Reached XP level 2. HP: 23/25 MP: 2/2
   127 | D        | Gained mutation: You have large cloven feet. [demonic ancestry]
   127 | D        | Reached XP level 3. HP: 31/31 MP: 3/3
   134 | D        | Arena points: 12 (+12) [x2]
   157 | D        | Bought a scroll of brand weapon for 200 gold pieces
   178 | D        | Round 2.
   297 | D        | Arena points: 54 (+42) [x3]
   320 | D        | Round 3.
   329 | D        | Bought a transparent lead amulet for 45 gold pieces
   329 | D        | Identified the amulet "Rugaj" {Inacc rN+ Str+4 Dex+2} (You bought it in a shop in the Dungeon)
   332 | D        | Noticed a phantom
   350 | D        | Reached skill level 5 in Fighting
   350 | D        | Reached skill level 4 in Axes
   350 | D        | Reached skill level 1 in Dodging
   350 | D        | Gained mutation: You regenerate health from kills. [demonic ancestry]
   350 | D        | Reached XP level 4. HP: 31/39 MP: 4/4
   351 | D        | Noticed a necrophage
   357 | D        | Killed a necrophage
   357 | D        | Reached skill level 5 in Axes
   357 | D        | Reached skill level 5 in Armour
   357 | D        | Reached skill level 5 in Shields
   357 | D        | Reached XP level 5. HP: 45/45 MP: 5/5
   358 | D        | Killed a phantom
   358 | D        | Reached skill level 6 in Axes
   374 | D        | Noticed a phantom
   384 | D        | HP: 1/46 [wight/enchanted halberd (2)]
   384 | D        | Slain by a wight

Vault maps used:
D:        arena_sprint

Skill      XL: |  1  2  3  4  5 |
---------------+----------------+-----
Shields        | 3 4 5 |  5.5
Fighting       | 4 5 |  5.9
Axes           | 2 4 5 6 |  6.9
Armour         | 4 5 |  5.6
Dodging        | 1 2 |  2.7

Action                   |  1- 3 |  4- 6 || total
-------------------------+-------+-------++-------
Melee: War axe           |    52 |     7 ||    59
       Kick              |    16 |     2 ||    18
  Use: Potion            |     3 |     1 ||     4
       Scroll            |     1 |       ||     1
Armor: Scale mail        |    17 |     1 ||    18
Dodge: Dodged            |    13 |     3 ||    16
Block: Shield            |    31 |     6 ||    37
